 Dungeon Crawl Stone Soup version 0.28.0-45-g0d030f2227 (webtiles) character file.

Game seed: 5563027800200164949

429 MisterFreud the Changer (level 6, -1/52 HPs)
             Began as a Draconian Transmuter on Apr 16, 2022.
             Slain by a bullfrog (5 damage)
             ... in a sewer.
             The game lasted 00:05:03 (4345 turns).

MisterFreud the Changer (Draconian Transmuter)      Turns: 4345, Time: 00:05:04

Health: -1/52      AC:  2    Str:  9 (12) XL:     6   Next: 66%
Magic:  0/9        EV: 18    Int: 15 (16) God:
Gold:   162        SH:  0    Dex: 14 (16) Spells: 3/9 levels left

rFire   . . .      SeeInvis .     - Unarmed
rCold   . . .      Faith    .   (shield currently unavailable)
rNeg    . . .      Spirit   +   (armour unavailable)
rPois   x          Reflect  .   (helmet currently unavailable)
rElec   .          Harm     .   (cloak currently unavailable)
rCorr   .          Rampage  .   (gloves currently unavailable)
Will    .....                   (boots currently unavailable)
Stlth   +.........              h - amulet of guardian spirit
HPRegen 0.17/turn               (no ring)
MPRegen 0.11/turn               (no ring)

@: spider-form (expiring), very slow
A: venomous fangs, AC +6, tiny, unfitting armour, (cold-blooded)
a: End Transformation


You were in a sewer.
You were a venomous arachnid creature.
You visited 1 branch of the dungeon, and saw 4 of its levels.
You also visited: Sewer.

You collected 162 gold pieces.

Inventory:

Missiles
 c - 2 boomerangs
Jewellery
 d - an amulet of faith
 h - an amulet of guardian spirit (around neck)
Scrolls
 a - a scroll of immolation {unknown}
 b - a scroll of torment {unknown}
 e - 2 scrolls of teleportation {unknown}
 f - a scroll of enchant armour {unknown}
 g - 4 scrolls of identify {unknown}
 i - a scroll of brand weapon {unknown}
 k - 2 scrolls of vulnerability {unknown}
 m - a scroll of fog {unknown}


   Skills:
 - Level 4.0 Fighting
 - Level 1.7 Dodging
 + Level 4.7 Unarmed Combat
 - Level 2.0 Spellcasting
 - Level 5.0 Transmutations


You had 3 spell levels left.
You knew the following spells:

 Your Spells              Type           Power      Damage    Failure   Level
a - Beastly Appendage     Tmut           32%        N/A       10%         1
b - Wereblood             Tmut           16%        N/A       13%         2
c - Spider Form           Tmut/Pois      9%         N/A       45%         3

Your spell library contained the following spells:

 Spells                   Type           Power      Damage    Failure   Level
 Foxfire                  Conj/Fire      4%         2x1d4     43%         1
 Magic Dart               Conj           4%         1d3       43%         1
 Slow                     Hex            4%         N/A       43%         1
 Call Imp                 Summ           1%         N/A       54%         2
 Confusing Touch          Hex            1%         N/A       75%         3
 Conjure Flame            Conj/Fire      1%         6-21      75%         3
 Inner Flame              Hex/Fire       1%         N/A       75%         3
 Mephitic Cloud           Conj/Pois/Air  1%         N/A       75%         3
 Vampiric Draining        Necr           1%         2d6       75%         3
 Ice Form                 Ice/Tmut       9%         N/A       80%         4
 Flame Wave               Conj/Fire      1%         2d4       98%         4


Dungeon Overview and Level Annotations

Branches:
Dungeon (4/15)              Sewer (1/1)
 Temple: D:4-7

Altars:
Makhleb
Nemelex Xobeh
Okawaru
Qazlal
Uskayaw
Xom
Yredelemnul
The Shining One


Innate Abilities, Weirdness & Mutations

You are a venomous arachnid creature.
You have poisonous fangs.
You are tiny and dextrous.
Your spellcasting is less reliable in this form.
Your armour is entirely melded.
You are incapable of wielding weapons or throwing items.
((Your plain brown scales are hard. (AC +6)))
You cannot fit into any form of body armour.
((You are cold-blooded and may be slowed by cold attacks.))


Message History

You see here a +0 arbalest.
The bullfrog hits you.
* * * LOW HITPOINT WARNING * * *
It was a potion of degeneration.
There was something very wrong with that liquid.
You feel weakened.
You feel dopey.
You feel clumsy. The bullfrog misses you. The bullfrog hits you.
* * * LOW HITPOINT WARNING * * *
The bullfrog barely misses you.
It was a potion of curing.
You feel better. The bullfrog misses you. The bullfrog closely misses you. x2
Okay, then.
Unknown command.
You aren't carrying any items that you can evoke.
Unknown command.
Unknown command.
Unknown command.
Unknown command.
You bite the bullfrog!
The bullfrog looks as sick as possible!
The bullfrog is severely wounded.
The bullfrog misses you. The bullfrog barely misses you.
The bullfrog misses you.
You hit the bullfrog.
The bullfrog is severely wounded.
Your transformation is almost over.
The bullfrog closely misses you. The bullfrog barely misses you.
The bullfrog closely misses you.
You hit the bullfrog.
The bullfrog is severely wounded.
The bullfrog hits you.
* * * LOW HITPOINT WARNING * * *
The bullfrog completely misses you.
You enter the shallow water.
Moving in this stuff is going to be slow.
The bullfrog hits you.
* * * LOW HITPOINT WARNING * * *
The bullfrog barely misses you. The bullfrog closely misses you.
The bullfrog barely misses you.
The bullfrog looks more healthy.
The bullfrog hits you.
You die...

#≈≈≈≈≈.≈.........≈≈≈≈≈≈†≈≈≈..≈≈≈≈
#≈r≈≈≈#######≈≈≈≈≈≈≈≈≈≈≈≈≈≈≈≈.≈≈≈
#.≈≈≈≈# #≈≈≈≈≈≈≈≈≈≈≈≈≈≈≈≈≈≈.≈≈≈
#.≈≈≈.# ##≈≈≈≈≈≈≈≈≈..≈≈≈≈≈≈≈≈≈≈≈
#.≈≈≈.# #≈≈≈≈≈≈≈≈≈≈≈≈≈.≈≈≈≈≈≈≈≈≈
#.≈≈≈.# #≈≈≈≈≈≈≈.?.≈≈.≈≈≈≈≈≈≈≈≈≈
#.≈≈≈≈# #≈≈≈≈≈≈.))(≈≈.≈≈≈≈≈≈≈≈≈≈
#.≈≈≈≈# #≈≈≈≈≈FF.}=..≈≈≈≈≈≈≈≈≈≈≈
#≈≈≈≈.# #≈≈≈≈≈≈s≈.≈≈≈..≈≈≈≈≈≈≈≈≈
#.≈≈≈≈# ##≈≈≈≈≈≈≈≈≈≈≈.∩≈≈≈≈#≈≈≈≈
#≈≈≈≈≈# ##≈≈≈≈≈≈≈≈≈≈≈≈≈≈≈##≈≈≈≈
#≈≈≈≈≈# ##≈≈≈≈≈≈≈≈≈≈≈≈####≈≈≈≈
#.≈≈≈.# ####≈≈≈≈≈≈#### #≈≈≈≈
#≈≈≈≈.# ######## #.≈≈≈ #.≈≈≈.#
#≈≈≈≈ #.≈≈≈†# #≈≈≈≈
#.≈≈≈.#######################≈≈≈≈


You could see 2 bullfrogs.

Vanquished Creatures
  A necrophage (D:3)
  A phantom (D:4)
  An orc priest (D:4)
  2 orc wizards (D:3)
  6 adders
  2 gnolls
  A dart slug (D:1)
  A worm (D:2)
  7 orcs
  6 endoplasms
  10 giant cockroaches
  10 goblins
  8 hobgoblins
  4 jackals (D:3)
  5 quokkas
  11 ball pythons
  10 bats
  12 frilled lizards
  2 kobolds (D:1)
  4 rats
104 creatures vanquished.

Notes
Turn   | Place    | Note
-------+----------+-------------------------------------------
     0 | D:1      | MisterFreud the Draconian Transmuter began the quest for
                  | the Orb.
     0 | D:1      | Reached XP level 1. HP: 16/16 MP: 3/3
   320 | D:1      | Reached XP level 2. HP: 23/23 MP: 3/5
   506 | D:1      | Reached skill level 3 in Transmutations
   787 | D:1      | Found a faded altar of an unknown god.
  1156 | D:2      | Reached XP level 3. HP: 22/28 MP: 3/6
  1555 | D:2      | Reached skill level 4 in Transmutations
  1724 | D:2      | Reached XP level 4. HP: 28/35 MP: 4/7
  2354 | D:2      | Learned a level 2 spell: Wereblood
  2358 | D:2      | Learned a level 3 spell: Spider Form
  2704 | D:3      | Noticed a necrophage
  2718 | D:3      | Killed a necrophage
  2719 | D:3      | Reached skill level 5 in Transmutations
  2719 | D:3      | Reached XP level 5. HP: 29/42 MP: 3/8
  2830 | D:3      | Found a burning altar of Makhleb.
  2830 | D:3      | Noticed a green death
  2833 | D:3      | Noticed a neqoxec
  2833 | D:3      | Noticed an orange demon
  3237 | D:3      | Found a glowing golden altar of the Shining One.
  3239 | D:3      | Found a shimmering altar of Xom.
  3239 | D:3      | Found an iron altar of Okawaru.
  3254 | D:3      | Found a stormy altar of Qazlal.
  3256 | D:3      | Found a basalt altar of Yredelemnul.
  3256 | D:3      | Found a sparkling altar of Nemelex Xobeh.
  3257 | D:3      | Found a hide-covered altar of Uskayaw.
  3638 | D:4      | Reached XP level 6. HP: 51/51 MP: 5/9
  3894 | D:4      | Found a glowing drain.
  3906 | Sewer    | Entered a sewer
  4339 | Sewer    | HP: 1/52 [bullfrog (4)]
  4345 | Sewer    | Slain by a bullfrog

Illustrated notes

Levels and vault maps discovered:
D:1:      dpeg_chamrin_arrival_tetris, layout_loops_ring,
          chequers_ecumenical_altar_simple, minmay_strange_pillars
D:2:      layout_rooms, serial_co_window_serial, co_window_paths_a,
          co_window_of_opportunity_a, co_window_of_opportunity_a,
          co_window_of_opportunity_a, co_window_paths_b,
          co_window_of_opportunity_b, co_window_broadway_c,
          co_window_broadway_c, co_window_broadway_b, co_window_4corner_b,
          glass_columns_b, minmay_stone_trees_medium, minmay_misc_feat_tower
D:3:      cheibrodos_greedy_goblins, layout_loops_ring,
          grunt_temple_overflow_open, makhleb_altar_promises_db
D:4:      layout_loops_ring, cheibrodos_sewer_entry_sluice, grunt_ministairs_13
Sewer:    sewer_frog_island_01

Skill      XL: |  1  2  3  4  5  6 |
---------------+-------------------+-----
Transmutations | 3 4 5 |  5.0
Fighting       | 2 3 4 |  4.0
Unarmed Combat | 4 |  4.7
Dodging        | |  1.7
Spellcasting   | |  2.0

Action                   |  1- 3 |  4- 6 || total
-------------------------+-------+-------++-------
Melee: Unarmed           |   114 |   230 ||   344
       Headbutt          |    14 |     9 ||    23
       Tailslap          |     8 |    14 ||    22
       Kick              |    15 |    10 ||    25
       Punch             |       |     2 ||     2
 Cast: Beastly Appendage |    27 |    17 ||    44
       Spider Form       |       |     9 ||     9
  Use: Potion            |       |     2 ||     2
 Stab: Sleeping          |     1 |       ||     1
Armor: Skin              |    51 |    60 ||   111
Dodge: Dodged            |   100 |   201 ||   301
